 Dungeon Crawl Stone Soup version 0.29.1-15-g9cfb28693d (webtiles) character file.

Game seed: 13278827733577120109

918 Sanktem7 the Trooper (level 7, -12/67 HPs)
             Began as a Minotaur Fighter on Mar 8, 2023.
             Engulfed by a cloud of freezing vapour (35 damage)
             ... on level 5 of the Dungeon.
             The game lasted 00:07:08 (4465 turns).

Sanktem7 the Trooper (Minotaur Fighter)             Turns: 4465, Time: 00:07:08

Health: -12/67     AC: 15    Str: 22    XL:     7   Next: 83%
Magic:  6/6        EV:  6    Int:  5    God:
Gold:   265        SH:  4    Dex: 10    Spells: 6/6 levels left

rFire   + . .      SeeInvis .   a - +0 war axe {axe}
rCold   x . .      Faith    .   c - +0 buckler
rNeg    . . .      Spirit   .   h - +0 plate armour
rPois   .          Reflect  .   (helmet restricted)
rElec   .          Harm     .   y - +0 cloak
rCorr   .          Rampage  .   p - +0 pair of gloves
Will    .....                   (no boots)
Stlth   ..........              v - amulet of magic regeneration {@e2}
HPRegen 0.21/turn               t - ring of flight
MPRegen 0.50/turn               x - ring of fire

@: flying
A: horns 2, retaliatory headbutt
a: no special abilities


You were on level 5 of the Dungeon.
You visited 1 branch of the dungeon, and saw 5 of its levels.

You collected 265 gold pieces.


Innate Abilities, Weirdness & Mutations

You have a pair of horns on your head.
You reflexively headbutt those who attack you in melee.


   Skills:
 * Level 7.8 Fighting
 * Level 7.1 Axes
 + Level 6.0 Armour
 - Level 3.6 Shields


You had 6 spell levels left.
You didn't know any spells.
Your spell library contained the following spells:

 Spells                   Type           Power      Damage    Failure   Level
 Beastly Appendage        Tmut           0%         N/A       100%        1
 Ensorcelled Hibernation  Hex/Ice        0%         N/A       100%        2
 Passwall                 Tmut/Erth      0%         N/A       100%        2
 Wereblood                Tmut           0%         N/A       100%        2
 Spider Form              Tmut/Pois      0%         N/A       100%        3
 Swiftness                Air            0%         N/A       100%        3

Inventory:

Hand Weapons
 a - a +0 war axe (weapon) {axe}
Missiles
 l - 5 poisoned darts (quivered) {throwing}
 u - 27 stones {throwing}
 z - a throwing net {=f!fthrowing}
 F - 2 boomerangs {throwing}
Armour
 c - a +0 buckler (worn)
 h - a +0 plate armour (worn)
   (You found it on level 1 of the Dungeon)
 p - a +0 pair of gloves (worn)
   (You found it on level 2 of the Dungeon)
 y - a +0 cloak (worn)
   (You found it on level 3 of the Dungeon)
Jewellery
 t - a ring of flight (left hand)
   (You found it on level 2 of the Dungeon)
 v - an amulet of magic regeneration (around neck) {@e2}
   (You took it off a hobgoblin on level 2 of the Dungeon)
 x - a ring of fire (right hand)
   (You took it off a hobgoblin on level 3 of the Dungeon)
Wands
 A - a wand of mindburst (6)
   (You found it on level 4 of the Dungeon)
Scrolls
 b - 2 scrolls of noise {unknown}
 f - 5 scrolls of identify {unknown}
 j - a scroll of enchant weapon {unknown}
 o - a scroll of blinking {unknown}
 q - a scroll of brand weapon {unknown}
 s - 2 scrolls of teleportation {unknown}
 w - 2 scrolls of amnesia {unknown}
 B - a scroll of magic mapping {unknown}
 C - a scroll of enchant armour {unknown}
 D - a scroll of butterflies {unknown}
Potions
 d - a potion of might
 e - 2 potions of brilliance {unknown}
 g - 7 potions of curing {unknown}
 i - 3 potions of ambrosia {unknown}
 k - 2 potions of mutation {unknown}
 m - 5 potions of heal wounds {unknown}
 n - a potion of berserk rage {unknown}
 r - 3 potions of haste {unknown}
 E - 2 potions of flight {unknown}
 G - 2 potions of resistance

Dungeon Overview and Level Annotations

Branches:
Dungeon (5/15) Zot: 25466
 Temple: D:4-7

Altars:
Hepliaklqana
Qazlal
Ru
Uskayaw
Vehumet
Wu Jian

Annotations:
D:5 1 transporter

#######.######..........#
......#.# #.#####.##.#
#####.#.# #.# #.##.#
#####.#.######.# #>##.#
.....#.........########.#
#####.#.########○○°○°##.# #
#.#.#☼°○°°○#°☼○°○#..# #
#...#°°○°☼°#Y☼°○°##.# #
#...#.°#.#.°@Y.$)#..## #
#..©#○☼©...○°Y.(©#©..## #
#...#°☼#.#.'°☼.$[#....# #
#.###.°○°○°#☼○.°°##...#
#####.###°°☼°☼☼#○°○°°##...#
.......#########°°.☼☼##..##
<..##..#.# ########÷.######
##.##..#.# #.......#
##.##..#.###### #..####.#


You could see 3 ice beasts.


Message History

There is an open door here.
As you open the door, it creaks loudly!
An adder comes into view.
The adder bites you but does no damage. 😎 HP[+10]
Your hp is fully restored (67).
An adder is nearby!
You closely miss the adder. Your headbutt misses the adder.
The adder bites you but does no damage.
You closely miss the adder. Your headbutt misses the adder.
You block the adder's attack. The adder bites you but does no damage.
You hit the adder. Your headbutt misses the adder.
The adder bites you but does no damage.
You slash the adder!
You kill the adder!
No target in view!
No target in view!
No target in view!
No target in view!
There is an open door here.
You see here an adder corpse.
You see here a +0 robe.
Key pressed, stopping explore.
s - 2 scrolls labelled IRPHAR LITAHIJ (gained 1)
You now have 248 gold pieces (gained 13).
w - 2 scrolls labelled XOKE HUDER (gained 1)
An iguana comes into view.
The iguana hisses angrily.
An iguana is nearby!
You closely miss the iguana. You headbutt the iguana!
The iguana bites you. 😕 HP[-5]
You take 5 damage, and now have 62/67 hp.
You slash the iguana!
You headbutt the iguana, but do no damage.
The iguana bites you but does no damage.
You closely miss the iguana.
The iguana bites you but does no damage.
You slash the iguana!
You kill the iguana!
Your Armour skill increases to level 6!
No target in view!
No target in view!
No target in view!
You see here an iguana corpse.
u - 27 stones {throwing} (gained 3)
You see here an iguana corpse.
Key pressed, stopping explore.
Things that are here:
a +0 scimitar {long}; a +0 robe; a +0 giant club {mace}
Found a stone staircase leading up. 😎 HP[+5]
Your hp is fully restored (67).
There is a stone staircase leading up here.
You see here a +0 chain mail.
You see here a +0 ring mail.
Key pressed, stopping explore.
There is a stone staircase leading up here.
You reach down and open the door.
There is an open door here.
You reach down and open the door.
A dart slug comes into view.
The dart slug launches a dart at you.
The slug dart hits you but does no damage.
The dart slug bites you but does no damage.
There is an open door here.
You slash the dart slug!
You kill the dart slug!
No target in view!
No target in view!
No target in view!
No target in view!
You see here a +0 sling.
Key pressed, stopping explore.
There is an open door here.
You now have 265 gold pieces (gained 17).
Partly explored, unvisited transporter.
There is a transporter here.
You enter the transporter and appear at another place.
G - 2 potions of resistance You reach down and open the gate.
There is an open gate here.
The ice beast hits you but does no damage.
You barely miss the ice beast. You slash the ice beast!
You closely miss the ice beast.
You are engulfed in freezing vapours.
The ice beast hits you but does no damage. x2
The ice beast hits you.
* * * LOW HITPOINT WARNING * * *
The ice beast freezes you!
You feel a terrible chill!
* * * LOW HITPOINT WARNING * * *
The ice beast hits you but does no damage.
The ice beast barely misses you.
The ice beast hits you but does no damage. 😨 HP[-44]
You take 44 damage, and now have 23/67 hp.
MASSIVE DAMAGE!! (PAUSE)
You hit the ice beast but do no damage. x3
You are engulfed in freezing vapours.
Ouch! That really hurt!
You die...

Skill      XL: |  1  2  3  4  5  6  7 |
---------------+----------------------+-----
Fighting       | 4 5 6 7 |  7.8
Axes           | 3 4 5 6 7 |  7.1
Armour         | 4 5 6 |  6.0
Shields        | |  3.6

Action                   |  1- 3 |  4- 6 |  7- 9 || total
-------------------------+-------+-------+-------++-------
Melee: War axe           |    54 |   132 |    42 ||   228
       Headbutt          |     4 |    14 |     4 ||    22
Armor: Plate armour      |    27 |   122 |    23 ||   172
       Scale mail        |     5 |       |       ||     5
Dodge: Dodged            |    28 |    53 |     8 ||    89
Block: Buckler           |     9 |    33 |     6 ||    48

Levels and vault maps discovered:
D:1:      dpeg_arrival_simpleton_c, layout_rooms
D:2:      layout_basic, cheibrodos_gnoll_hut
D:3:      layout_loops_ring
D:4:      layout_loops_cross, mainiacjoe_overflow_alcove_1, lemuel_doored_altar,
          mainiacjoe_overflow_cross_hatched,
          gammafunk_temple_overflow_forgotten, minmay_vboxes
D:5:      gammafunk_cloud_chamber, layout_loops_ring, serial_rivers,
          chequers_serial_rivers_room_b, chequers_serial_rivers_small_b,
          chequers_serial_rivers_small_3, chequers_serial_rivers_small_a,
          chequers_serial_rivers_room_b, chequers_serial_rivers_room_a,
          uniq_blork_the_orc

Notes
Turn   | Place    | Note
-------+----------+-------------------------------------------
     0 | D:1      | Sanktem7 the Minotaur Fighter began the quest for the Orb.
     0 | D:1      | Reached XP level 1. HP: 19/19 MP: 0/0
     0 | D:1      | magus.rc [v1.9.6]
   199 | D:1      | Reached XP level 2. HP: 20/27 MP: 1/1
   325 | D:1      | Reached skill level 4 in Fighting
   370 | D:1      | Reached skill level 3 in Axes
   691 | D:2      | You fall into a shaft and drop 2 floors!
   794 | D:4      | Reached XP level 3. HP: 33/33 MP: 2/2
   833 | D:4      | Reached skill level 4 in Armour
   929 | D:4      | Reached XP level 4. HP: 34/41 MP: 3/3
   962 | D:3      | Reached skill level 4 in Axes
  1046 | D:3      | Reached skill level 5 in Fighting
  1731 | D:3      | Reached XP level 5. HP: 42/48 MP: 4/4
  1741 | D:3      | HP: 12/48 [ball python (2)]
  2036 | D:3      | You pick up a book of Changes and begin reading...
  2036 | D:3      | You add the spells Beastly Appendage, Wereblood and Spider
                  | Form to your library.
  2266 | D:3      | magus.rc [v1.9.6]
  2273 | D:3      | Reached skill level 5 in Axes
  2440 | D:3      | Reached XP level 6. HP: 46/57 MP: 5/5
  2800 | D:4      | Found a sacrificial altar of Ru.
  2806 | D:4      | Reached skill level 6 in Fighting
  2909 | D:4      | Reached skill level 5 in Armour
  2993 | D:4      | Found a hide-covered altar of Uskayaw.
  2993 | D:4      | Found a radiant altar of Vehumet.
  2994 | D:4      | Found a hazy altar of Hepliaklqana.
  3038 | D:4      | Found a stormy altar of Qazlal.
  3060 | D:4      | You pick up a book of Burglary and begin reading...
  3060 | D:4      | You add the spells Passwall, Ensorcelled Hibernation and
                  | Swiftness to your library.
  3103 | D:4      | Found an ornate altar of the Wu Jian Council.
  3336 | D:5      | Entered Level 5 of the Dungeon
  3382 | D:5      | Reached skill level 6 in Axes
  3382 | D:5      | Reached XP level 7. HP: 59/64 MP: 6/6
  3469 | D:5      | Reached skill level 7 in Fighting
  3689 | D:5      | Found a transporter.
  3719 | D:5      | Noticed Blork the orc
  3729 | D:5      | Killed Blork the orc
  3956 | D:5      | Found a transporter.
  3969 | D:5      | Reached skill level 7 in Axes
  4134 | D:5      | Reached skill level 6 in Armour
  4465 | D:5      | Engulfed by a cloud of freezing vapour

Vanquished Creatures
  A black bear (D:4)
  An ogre (D:5)
  2 phantoms (D:5)
  Blork the orc (D:5)
  2 scorpions
  A jelly (D:4)
  2 hounds
  2 iguanas (D:5)
  3 orc wizards (D:3)
  A gnoll (D:2)
  7 adders
  A shadow imp (D:5)
  A white imp (D:4)
  An ufetubus (D:4)
  3 worms
  3 dart slugs
  17 orcs
  5 bats
  4 endoplasms
  3 giant cockroaches
  5 goblins
  7 hobgoblins
  2 jackals (D:2)
  A quokka (D:3)
  9 ball pythons
  2 frilled lizards (D:3)
  3 kobolds
  3 rats (D:1)
93 creatures vanquished.

Vanquished Creatures (others)
  A plant (D:4)
1 creature vanquished.

Grand Total: 94 creatures vanquished

Table legend:
 A = Non-vault XP
 B = Vault XP
 C = Vault XP percentage of total XP
 D = Non-vault monster count
 E = Vault monster count
 F = Vault count percentage of total count
                 A         B        C        D         E       F
            +---------+---------+-------+---------+---------+-------
      Total |    1149 |     163 |  12.4 |      82 |      11 |  11.8
            +---------+---------+-------+---------+---------+-------
        D:1 |      27 |       0 |   0.0 |      15 |       0 |   0.0
        D:2 |      20 |      19 |  48.7 |       9 |       3 |  25.0
        D:3 |     235 |       0 |   0.0 |      35 |       0 |   0.0
        D:4 |     301 |      54 |  15.2 |      12 |       7 |  36.8
        D:5 |     566 |      90 |  13.7 |      11 |       1 |   8.3
            +---------+---------+-------+---------+---------+-------

Illustrated notes

Table legend:
 A = Kills in this place as a percentage of kills in entire the game.
 B = Kills by you in this place as a percentage of kills by you in the entire game.
 C = Kills by friends in this place as a percentage of kills by friends in the entire game.
 D = Other kills in this place as a percentage of other kills in the entire game.
 E = Experience gained in this place as a percentage of experience gained in the entire game.
 F = Experience gained in this place divided by the number of levels of this place that you have seen.
                   A       B       C       D       E      F
               +-------+-------+-------+-------+-------+----------------------
         Total | 100.0 | 100.0 |   N/A |   N/A | 100.0 | 262.4
       Dungeon | 100.0 | 100.0 |   N/A |   N/A | 100.0 | 262.4
               +-------+-------+-------+-------+-------+----------------------

Table legend: (Time is in decaauts)
 A = Elapsed time spent in this place.
 B = Non-inter-level travel time spent in this place.
 C = Inter-level travel time spent in this place.
 D = Time resting spent in this place.
 E = Time spent auto-exploring this place.
 F = Levels seen in this place.
 G = Mean time per level.
                   A        B        C        D        E       F      G
               +--------+--------+--------+--------+--------+-----+--------+
         Total |   4533 |   4373 |    160 |      0 |   3770 |   5 |  906.6 |
       Dungeon |   4533 |   4373 |    160 |      0 |   3770 |   5 |  906.6 |
               +--------+--------+--------+--------+--------+-----+--------+

Top non-repeatable levels by time:
     D:3: 1163 daAuts
     D:5: 1141 daAuts
     D:4: 958 daAuts
     D:2: 760 daAuts
     D:1: 508 daAuts
